AoeStats
← Mokute

Arena

504158780Analyzed
4v4 RM · 28d ago on Sep 4, 2026· 48m 19s· 8 players
Game mode
Random Map
Map size
Large (8 player)
Population
200
Speed
Normal
Resources
Standard
Victory
Conquest
Starting age
Dark Age
Ending age
Imperial Age
RankedLock teamsTeams togetherTeam positionsShared explorationLock speedFull tech treeHidden civsTurbo modeCheats
Victory
Defeat
🇨🇴 Muisca · Colombia
1039
+13
🇨🇴 Byzantines · Colombia
1012
+14
🇨🇴 Bohemians · Colombia
950
+17
🇪🇸 Persians · Spain
949
+17
🇨🇳 Celts · China
1032
-19
🇲🇽 Khmer · Mexico
974
-15
🇯🇵 Aztecs · Japan
947
-27
🇨🇳 Mongols · China
924
-13
Mokute
10:54 Feudal Age
21:31 Castle Age
22:47 Double-Bit Axe
22:58 Pikeman
23:41 Scale Mail Armor
36:55 Imperial Age
34:21 Elite Skirmisher
36:42 Squires
36:28 Arson
36:59 Eagle Warrior
41:27 Padded Archer Armor
41:18 Fletching
43:58 Conscription
怪我喽
0:28 Loom
12:58 Feudal Age
14:21 Wheelbarrow
13:32 Double-Bit Axe
13:28 Horse Collar
18:30 Castle Age
16:44 Stone Mining
19:44 Hand Cart
22:33 Heavy Plow
22:45 Bow Saw
24:26 Gold Mining
28:13 Forging
28:03 Scale Mail Armor
29:16 Gold Shaft Mining
36:32 Imperial Age
33:48 Town Watch
36:48 Iron Casting
36:28 Chain Mail Armor
36:25 Caravan
36:38 Capped Ram
37:32 Siege Ram
42:00 Elite Woad Raider
43:38 Conscription
43:30 Furor Celtica
46:18 Blast Furnace
45:48 Plate Mail Armor
把人生埋在四季
10:37 Feudal Age
11:23 Feudal Age
12:42 Loom
16:46 Castle Age
16:40 Double-Bit Axe
16:38 Horse Collar
19:04 Heavy Plow
19:17 Bow Saw
25:29 Fletching
25:39 Padded Archer Armor
27:47 Gold Mining
30:45 Wheelbarrow
33:07 Imperial Age
30:50 Bodkin Arrow
32:12 Wheelbarrow
32:00 Leather Archer Armor
31:51 Scale Barding Armor
32:43 Gold Shaft Mining
31:59 Stone Mining
34:10 Hand Cart
34:46 Stone Shaft Mining
34:21 Bracer
34:32 Forging
34:45 Chain Barding Armor
34:38 Forging
34:59 Conscription
35:51 Onager
37:36 Iron Casting
37:52 Thumb Ring
38:15 Parthian Tactics
38:13 Herbal Medicine
37:49 Elite Mangudai
38:28 Light Cavalry
39:19 Bloodlines
42:24 Hussar
43:13 Thumb Ring
HTELRA6828
10:55 Feudal Age
12:43 Wheelbarrow
12:01 Double-Bit Axe
12:33 Horse Collar
18:29 Gold Mining
23:18 Castle Age
27:52 Heavy Plow
28:43 Bow Saw
31:47 Hand Cart
41:40 Ballistics
45:18 Imperial Age
ThanatosDanilo
10:54 Feudal Age
14:42 Castle Age
13:15 Double-Bit Axe
13:13 Horse Collar
14:01 Gold Mining
14:26 Loom
16:45 Bow Saw
18:24 Town Watch
22:09 Heavy Plow
23:07 Wheelbarrow
24:22 Hand Cart
31:26 Imperial Age
29:09 Masonry
29:26 Town Patrol
30:28 Treadmill Crane
31:08 Ballistics
30:41 Fletching
30:52 Padded Archer Armor
31:08 Fervor
31:19 Sanctity
31:09 Redemption
31:51 Gold Shaft Mining
31:06 Stone Mining
32:56 Block Printing
33:09 Illumination
33:23 Theocracy
33:13 Thumb Ring
32:30 Crossbowman
33:08 Arbalester
33:45 Bodkin Arrow
34:06 Leather Archer Armor
34:54 Chemistry
34:00 Siege Engineers
33:50 Murder Holes
33:18 Capped Ram
35:07 Crop Rotation
35:38 Two-Man Saw
35:14 Stone Shaft Mining
35:11 Bracer
35:54 Conscription
35:35 Herbalism
38:15 Squires
DxvidTheGoat
10:55 Feudal Age
16:12 Castle Age
14:26 Double-Bit Axe
18:57 Bow Saw
20:22 Loom
24:44 Wheelbarrow
27:58 Horse Collar
31:52 Heavy Plow
33:43 Chemistry
32:57 Fortified Wall
33:08 Padded Archer Armor
33:09 Town Watch
33:44 Hand Cart
34:12 Leather Archer Armor
34:39 Wagenburg Tactics
37:15 Masonry
COL | Gi0vS
11:14 Feudal Age
16:04 Castle Age
14:14 Horse Collar
14:23 Double-Bit Axe
15:17 Gold Mining
16:16 Loom
24:07 Fletching
29:11 Bodkin Arrow
29:26 Heavy Plow
31:33 Scale Barding Armor
32:57 Wheelbarrow
33:52 Gold Shaft Mining
34:04 Forging
34:15 Chain Barding Armor
34:51 Hand Cart
36:35 Iron Casting
40:13 Imperial Age
38:08 Padded Archer Armor
38:53 Husbandry
39:38 Leather Archer Armor
42:15 Plate Barding Armor
41:41 Bracer
41:04 Cavalier
41:05 Heavy Camel Rider
42:11 Stone Mining
42:32 Paladin
42:33 Light Cavalry
44:37 Chemistry
43:57 Ballistics
44:38 Ring Archer Armor
44:09 Scale Mail Armor
44:27 Treadmill Crane
44:57 Hussar
46:40 Stone Shaft Mining
46:30 Bombard Tower
46:07 Murder Holes
46:15 Caravan
46:26 Guilds
46:31 Bow Saw
El Cacas
10:46 Feudal Age
9:06 Loom
16:35 Castle Age
14:40 Horse Collar
16:11 Double-Bit Axe
17:38 Heavy Plow
19:34 Bow Saw
26:32 Wheelbarrow
32:39 Imperial Age
30:47 Kamandaran
30:55 Padded Archer Armor
30:46 Fletching
32:21 Thumb Ring
31:37 Crossbowman
32:47 Leather Archer Armor
32:28 Bodkin Arrow
32:42 Scale Barding Armor
32:47 Forging
33:45 Ballistics
34:26 Chemistry
33:54 Husbandry
33:16 Cavalier
34:37 Ring Archer Armor
34:30 Masonry
34:52 Hand Cart
35:33 Chain Barding Armor
39:36 Plate Barding Armor
39:37 Iron Casting
41:46 Savar
Connection lost

Rejoining the realm…

Still unreachable

The connection could not be restored.

Session expired

The server has moved on; the page needs a fresh start.